 Dungeon Crawl Stone Soup version 0.22-a0-402-ga933591 (webtiles) character file.

2692 emperorscorpion the Carver (level 9, 0/78 HPs)
             Began as a Minotaur Fighter on May 7, 2018.
             Slain by KristoblXynda's ghost (18 damage)
             ... on level 8 of the Dungeon.
             The game lasted 00:07:52 (5346 turns).

emperorscorpion the Carver (Minotaur Fighter)       Turns: 5346, Time: 00:07:53

Health: 0/78       AC: 17    Str: 25    XL:     9   Next: 38%
Magic:  8/8        EV: 15    Int:  5    God:
Gold:   93         SH: 12    Dex:  9    Spells: 8/8 levels left

rFire    . . .     SeeInvis .   a - +0 long sword
rCold    . . .     Gourm    .   c - +1 shield
rNeg     . . .     Faith    .   D - +0 plate armour
rPois    .         Spirit   .   (helmet restricted)
rElec    .         Reflect  .   r - +0 cloak
rCorr    .         Harm     .   t - +1 pair of gloves
MR       .....                  (no boots)
Stlth    ..........             C - amulet of magic regeneration
HPRegen  0.23/turn              y - +4 ring of evasion
MPRegen  0.36/turn              A - +5 ring of evasion

@: no status effects
A: retaliatory headbutt, horns 2
a: no special abilities


You were on level 8 of the Dungeon.
You were hungry.

You visited 2 branches of the dungeon, and saw 9 of its levels.

You collected 291 gold pieces.
You spent 198 gold pieces at shops.

Inventory:

Hand Weapons
 a - a +0 long sword (weapon)
 b - a +1 dagger of speed
 B - a +0 blowgun
Missiles
 j - 26 poisoned needles
 m - 12 tomahawks (quivered)
 n - 5 curare-tipped needles
 q - a throwing net
Armour
 c - a +1 shield (worn)
 k - a +0 scale mail
 r - a +0 cloak (worn)
 s - a +0 scale mail
 t - a +1 pair of gloves (worn)
 D - a +0 plate armour (worn)
Jewellery
 l - a +3 ring of evasion
 y - a +4 ring of evasion (left hand)
 A - a +5 ring of evasion (right hand)
 C - an amulet of magic regeneration (around neck)
 F - an uncursed ring of magical power
 H - an uncursed ring of positive energy
 J - an uncursed ring of poison resistance
Scrolls
 e - 8 scrolls of identify
 h - a scroll of fog {unknown}
 p - 4 scrolls of teleportation
 E - 2 scrolls of remove curse {unknown}
 I - a scroll of fear {unknown}
 K - a scroll of vulnerability {unknown}
Potions
 d - a potion of might
 g - 5 potions of curing {unknown}
 i - 4 potions of heal wounds
 o - 2 potions of magic
 u - 2 potions of cancellation {unknown}
 v - a potion of ambrosia {unknown}
 w - a potion of brilliance {unknown}
 x - a potion of mutation {unknown}
 z - a potion of lignification {unknown}
Comestibles
 f - 8 rations


   Skills:
 + Level 6.9 Fighting
 + Level 9.5 Long Blades
 + Level 8.1 Armour
 + Level 1.9 Dodging
 + Level 1.1 Stealth
 + Level 8.3 Shields


You had 8 spell levels left.
You didn't know any spells.

Dungeon Overview and Level Annotations

Branches:
Dungeon (8/15)             Temple (1/1) D:4
   Lair: D:8-11

Altars:
Ashenzari
Dithmenos
Gozag
Kikubaaqudgha
Nemelex Xobeh
Okawaru
Ru
Trog
Uskayaw
Vehumet
Wu Jian
Xom
Yredelemnul
Zin
The Shining One

Shops:
D:4 [   D:6 *   D:8 !

Annotations:
D:8 KristoblXynda's ghost, novice TrWz


Innate Abilities, Weirdness & Mutations

You reflexively headbutt those who attack you in melee.
You have a pair of horns on your head.


Message History

The orc wizard gestures wildly while chanting.
The orc wizard seems to speed up.
You closely miss the orc wizard.
You kill the orc wizard!
KristoblXynda's ghost hits you!!
You slash the hound!
The hound is severely wounded.
You block the hound's attack. x2
You miss the hound. Your headbutt misses the hound.
The hound is severely wounded.
KristoblXynda's ghost hits you!
* * * LOW HITPOINT WARNING * * *
The hound barely misses you. You furiously retaliate!
You headbutt the hound!
You kill the hound!
Things that are here:
a dagger; a robe; an orc corpse You hit KristoblXynda's ghost but do no damage.
Your headbutt misses KristoblXynda's ghost.
KristoblXynda's ghost hits you!!
You die...

#.......##.## #.#
#.......##... #..
.........##### # ...
.#.......# # #.#.#
#.......# # .#.##
#.......# # # ...
######### # ##. #.# #
##...##@############ #
#.....W)>..........# #
#....).)#..###.####.# #
##......#..# #...##.#####
......####.###.#.........
.#.... #......####.#####
##... #.###.......# #...
.. ######### ...# #.


You could see KristoblXynda's ghost.

Vanquished Creatures
  A hungry ghost (D:7)
  A water moccasin (D:5)
  An orc warrior (D:7)
  2 ice beasts
  2 black bears
  A sky beast (D:7)
  2 ogres
  A phantom (D:6)
  5 centaurs
  A bullfrog (D:7)
  2 scorpions
  4 wights (D:8)
  A crimson imp (D:8)
  A bullfrog zombie (D:8)
  2 hounds
  5 orc priests
  Crazy Yiuf (D:3)
  8 orc wizards
  6 iguanas
  3 worker ants
  A howler monkey skeleton (D:7)
  7 adders
  An ooze (D:2)
  An adder zombie (D:7)
  2 worms
  2 dart slugs (D:1)
  7 leopard geckos
  24 orcs
  6 bats
  8 giant cockroaches
  4 goblins
  3 hobgoblins
  3 quokkas
  2 ball pythons
  11 frilled lizards
  5 kobolds
  4 rats
141 creatures vanquished.

Vanquished Creatures (others)
  A plant (D:6)
1 creature vanquished.

Grand Total: 142 creatures vanquished

Notes
Turn   | Place    | Note
-------+----------+-------------------------------------------
     0 | D:1      | emperorscorpion the Minotaur Fighter began the quest for the Orb.
     0 | D:1      | Reached XP level 1. HP: 19/19 MP: 0/0
    45 | D:2      | Noticed an iguana
    51 | D:2      | Killed an iguana
    51 | D:2      | Reached XP level 2. HP: 7/27 MP: 1/1
    68 | D:2      | Reached XP level 3. HP: 11/33 MP: 2/2
   694 | D:2      | Found a shattered altar of Ashenzari.
   776 | D:2      | Reached skill level 3 in Long Blades
   835 | D:2      | Reached XP level 4. HP: 40/40 MP: 3/3
  1298 | D:5      | Entered Level 5 of the Dungeon
  1308 | D:5      | Reached XP level 5. HP: 38/47 MP: 4/4
  1375 | D:5      | Found an iron altar of Okawaru.
  1375 | D:5      | Noticed an ogre
  1380 | D:5      | Killed an ogre
  1380 | D:5      | Reached skill level 4 in Long Blades
  1380 | D:5      | Reached skill level 5 in Armour
  1506 | D:4      | Found a bloodstained altar of Trog.
  1528 | D:4      | Reached skill level 5 in Shields
  1528 | D:4      | Reached XP level 6. HP: 53/53 MP: 5/5
  1705 | D:4      | Found a staircase to the Ecumenical Temple.
  1709 | D:4      | Reached skill level 5 in Long Blades
  1718 | Temple   | Entered the Ecumenical Temple
  1845 | Temple   | Reached skill level 5 in Fighting
  1855 | D:4      | Reached skill level 1 in Stealth
  2147 | D:4      | Reached XP level 7. HP: 51/61 MP: 6/6
  2222 | D:4      | Found Purait's Antique Armour Shoppe.
  2673 | D:3      | You fall through a shaft for 3 floors!
  2678 | D:6      | Reached skill level 1 in Dodging
  2770 | D:5      | Reached skill level 6 in Long Blades
  3201 | D:3      | Found a runed door.
  3576 | D:3      | Noticed Crazy Yiuf
  3584 | D:3      | Killed Crazy Yiuf
  4027 | D:6      | Reached XP level 8. HP: 70/70 MP: 7/7
  4071 | D:6      | Reached skill level 7 in Long Blades
  4080 | D:6      | Found an ancient bone altar of Kikubaaqudgha.
  4137 | D:6      | Found Gozag's Platinum Reserve.
  4246 | D:6      | Found an opulent altar of Gozag.
  4451 | D:7      | Reached skill level 8 in Long Blades
  4461 | D:7      | Found an ornate altar of the Wu Jian Council.
  4635 | D:7      | Reached XP level 9. HP: 78/78 MP: 8/8
  5143 | D:7      | Found a shimmering altar of Xom.
  5158 | D:8      | Found Vupuffoo's Distillery.
  5164 | D:8      | Bought a potion of heal wounds for 55 gold pieces
  5164 | D:8      | Bought a potion of magic for 88 gold pieces
  5164 | D:8      | Bought a potion of heal wounds for 55 gold pieces
  5182 | D:8      | Reached skill level 9 in Long Blades
  5341 | D:8      | Noticed KristoblXynda's ghost (novice TrWz)
  5346 | D:8      | Slain by KristoblXynda's ghost

Vault maps used:
D:1:      shiori_arrival_maze, minmay_misc_feat_diagonals
D:2:      nicolae_overflow_crystal_walls
D:3:      uniq_crazy_yiuf_cottage
D:4:      lemuel_crystal_altar, temple_statues, serial_shops,
          nicolae_shop_crystal
D:5:      basic_altar, first_ration, minmay_door_square
D:6:      kiku_gazebo_pond_becter, nicolae_gozag_zags_fifth_avenue,
          minmay_lizard_king
D:7:      kennysheep_little_box, lemuel_doored_altar, kennysheep_mini_moat
D:8:      fedhas_altar_4, makhleb_altar_promises_db, grunt_qazlal_clouds,
          lemuel_crystal_altar, serial_shops, shop
Temple:   nicolae_temple_figure_zero

Skill      XL: |  1  2  3  4  5  6  7  8  9 |
---------------+----------------------------+-----
Fighting       | 4 5 6 |  6.9
Armour         | 4 5 6 7 8 |  8.1
Shields        | 4 5 6 7 8 |  8.3
Long Blades    | 3 4 5 6 8 9 |  9.5
Stealth        | 1 |  1.1
Dodging        | 1 |  1.9

Action                   |  1- 3 |  4- 6 |  7- 9 || total
-------------------------+-------+-------+-------++-------
Melee: Long sword        |    71 |   104 |   303 ||   478
       Headbutt          |    14 |    14 |    64 ||    92
  Use: Scroll            |       |       |     5 ||     5
  Eat: Chunk             |       |     4 |    12 ||    16
Armor: Scale mail        |    37 |    61 |    13 ||   111
       Plate armour      |       |       |    92 ||    92
Dodge: Dodged            |    26 |    45 |   111 ||   182
Block: Shield            |    42 |    69 |   167 ||   278
       Rpst.: Long sword |     7 |     8 |    33 ||    48

Table legend:
 A = Spawn XP
 B = Non-spawn XP
 C = Spawn XP percentage of total XP
 D = Spawn monster count
 E = Non-spawn monster count
 F = Spawn count percentage of total count
 G = Total turns spent on level
                    A         B        C        D         E        F      G
               +---------+---------+-------+---------+---------+-------+---------
         Total |       0 |    3847 |   0.0 |       0 |     141 |   0.0 |  5346
               +---------+---------+-------+---------+---------+-------+---------
           D:1 |       0 |      29 |   0.0 |       0 |      14 |   0.0 |   268
           D:2 |       0 |      84 |   0.0 |       0 |      18 |   0.0 |   954
           D:3 |       0 |     105 |   0.0 |       0 |      19 |   0.0 |  1242
           D:4 |       0 |     431 |   0.0 |       0 |      23 |   0.0 |  1034
           D:5 |       0 |     520 |   0.0 |       0 |      10 |   0.0 |   317
           D:6 |       0 |     684 |   0.0 |       0 |      20 |   0.0 |   586
           D:7 |       0 |    1166 |   0.0 |       0 |      21 |   0.0 |   634
           D:8 |       0 |     785 |   0.0 |       0 |      15 |   0.0 |   188
        Temple |       0 |      43 |   0.0 |       0 |       1 |   0.0 |   123
               +---------+---------+-------+---------+---------+-------+---------
